 Dungeon Crawl Stone Soup version 0.27.1-2-g3b301248ec (webtiles) character file.

Game seed: 17285694044694736533

1373 AZSletch the Ruffian (level 8, 0/67 HPs)
             Began as a Grey Draconian Transmuter on Oct 1, 2021.
             Was a Follower of Makhleb.
             Killed from afar by Harold (15 damage)
             ... with a harpoon shot
             ... on level 7 of the Dungeon.
             The game lasted 00:20:22 (5936 turns).

AZSletch the Ruffian (Grey Draconian Transmuter)    Turns: 5936, Time: 00:20:23

Health: 0/67       AC:  2    Str: 14    XL:     8   Next: 39%
Magic:  12/14      EV: 21    Int: 14    God:    Makhleb [*.....]
Gold:   364        SH:  0    Dex: 17    Spells: 5/15 levels left

rFire    . . .     SeeInvis .     - Unarmed
rCold    . . .     Faith    +   (shield currently unavailable)
rNeg     . . .     Spirit   .   (armour unavailable)
rPois    x         Reflect  .   (helmet currently unavailable)
rElec    .         Harm     .   (cloak currently unavailable)
rCorr    .         Rampage  .   (gloves currently unavailable)
Will     .....                  (boots currently unavailable)
Stlth    ++........             b - amulet of faith
HPRegen  0.21/turn              (no ring)
MPRegen  0.14/turn              (no ring)

@: spider-form (expiring), marked
A: venomous fangs, AC +11, (amphibious), tiny, unfitting armour, (cold-blooded)
a: End Transformation, Renounce Religion


You were on level 7 of the Dungeon.
You worshipped Makhleb.
Makhleb was aware of your devotion.
You were a venomous arachnid creature.
You visited 2 branches of the dungeon, and saw 8 of its levels.

You collected 364 gold pieces.

Inventory:

Hand Weapons
 u - the +2 hand axe of Qicvuoj (melded) {vorpal, rCorr Str+4 Stlth+}
   (You found it on level 5 of the Dungeon)

   It inflicts extra damage upon your enemies.
   Str:       It affects your strength (+4).
   rCorr:     It protects you from acid and corrosion.
   Stlth:     It makes you more stealthy.
Missiles
 d - 22 poisoned darts (quivered)
 e - 93 stones
 h - a throwing net
 s - 7 atropa-tipped darts
 D - 2 silver javelins
Magical Staves
 C - a staff of cold
Jewellery
 b - an amulet of faith (around neck)
 l - an amulet of guardian spirit
Wands
 n - a wand of flame (22)
 o - a wand of paralysis (4)
 t - a wand of acid (9)
 y - a wand of digging (2)
Scrolls
 a - 3 scrolls of enchant armour {unknown}
 c - a scroll of vulnerability {unknown}
 f - 2 scrolls of amnesia {unknown}
 g - 2 scrolls of magic mapping {unknown}
 i - a scroll of fog {unknown}
 j - 4 scrolls of identify {unknown}
 m - a scroll of brand weapon {unknown}
 r - a scroll of fear {unknown}
Potions
 k - 2 potions of mutation {unknown}
 p - a potion of brilliance {unknown}
 q - 3 potions of curing {unknown}
 v - a potion of cancellation {unknown}
 w - a potion of attraction {unknown}
 x - a potion of berserk rage {unknown}
 z - a potion of haste {unknown}
 A - a potion of might {unknown}
 B - a potion of flight {unknown}


   Skills:
 + Level 4.3 Fighting
 + Level 4.1 Dodging
 + Level 5.1 Unarmed Combat
 + Level 4.2 Spellcasting
 + Level 4.4 Transmutations
 + Level 2.3 Ice Magic
 - Level 2.0 Poison Magic
 + Level 2.9 Invocations


You had 5 spell levels left.
You knew the following spells:

 Your Spells              Type           Power      Damage    Failure   Level
a - Beastly Appendage     Tmut           30%        N/A       11%         1
b - Wereblood             Tmut           15%        N/A       14%         2
c - Spider Form           Tmut/Pois      5%         N/A       34%         3
d - Ice Form              Ice/Tmut       12%        N/A       65%         4

Your spell library contained the following spells:

 Spells                   Type           Power      Damage    Failure   Level
 Passwall                 Tmut/Erth      7%         N/A       28%         2
 Sandblast                Erth           4%         2d4       38%         1
 Slow                     Hex            2%         N/A       50%         2
 Sublimation of Blood     Necr           1%         N/A       50%         2
 Confusing Touch          Hex            2%         N/A       71%         3
 Vampiric Draining        Necr           1%         2d6       71%         3
 Petrify                  Tmut/Erth      9%         N/A       78%         4
 Irradiate                Conj/Tmut      4%         3d15      98%         5
 Lee's Rapid Deconstruct  Erth           1%         3d5*      100%        5


Dungeon Overview and Level Annotations

Branches:
Dungeon (7/15)             Temple (1/1) D:5

Altars:
Dithmenos
Elyvilon
Gozag
Makhleb
Nemelex Xobeh
Okawaru
Qazlal
Vehumet
Wu Jian
Yredelemnul
Zin
The Shining One

Shops:
D:5 *

Annotations:
D:4 3 runed translucent doors, Menkaure; PanSaczeczos's ghost, amateur DrWn; Pikel
D:7 Harold


Innate Abilities, Weirdness & Mutations

You are a venomous arachnid creature.
You have poisonous fangs.
You are tiny and dextrous.
Your spellcasting is less reliable in this form.
Your armour is entirely melded.
You are incapable of wielding weapons or throwing items.
((Your dull iron-grey scales are very hard. (AC +11)))
((You are amphibious.))
You cannot fit into any form of body armour.
((You are cold-blooded and may be slowed by cold attacks.))


Message History

You throw a poisoned dart. The poisoned dart hits Harold.
Harold is poisoned.
Throw: 23 darts (poison)
Press: ? - help, Q - select action, (/) - cycle Shift-Dir - straight line, f/p - Harold
Aim: Harold, wielding a +2 hand axe of flaming, wearing a +0 scale mail and quivering a throwing net (poisoned, 70% to hit)
You throw a poisoned dart. The poisoned dart hits Harold.
Harold looks even sicker.
Harold fires a harpoon shot at you. The harpoon shot hits you!
You are yanked forward by the harpoon shot.
You barely miss Harold.
Your tail-slap misses Harold.
Harold is lightly wounded.
Harold hits you with a +2 hand axe of flaming.
Harold burns you.
You hit Harold.
Harold is lightly wounded.
Harold hits you with a +2 hand axe of flaming!
Harold burns you.
Harold hits you with a +2 hand axe of flaming.
Harold burns you.
Casting: Wereblood (safe; 4% risk of failure)
Confirm with . or Enter, or press ? or * to list all spells.
You turn into a venomous arachnid creature.
The +2 hand axe of Qicvuoj {vorpal, rCorr Str+4 Stlth+} melds into your body.
Harold hits you with a +2 hand axe of flaming!!
* * * LOW HITPOINT WARNING * * *
Harold burns you.
* * * LOW HITPOINT WARNING * * *
You hit Harold but do no damage.
Harold is lightly wounded.
Harold misses you.
You hit Harold.
Harold looks as sick as possible!
Harold is lightly wounded.
Your transformation is almost over.
Harold throws a throwing net.
The throwing net closely misses you. Harold casts a spell at you.
A sentinel's mark forms upon you.
You see here a throwing net.
Harold fires a harpoon shot at you. The harpoon shot hits you!
You die...

...........(.......#
.################### .# .#
.# ## ############
.......<>.)###############.#
##########).....s(..@...(.(#
###################


You could see Harold (very poisoned).

Vanquished Creatures
  Prince Ribbit (D:6)
  A water moccasin (D:7)
  A necrophage (D:7)
  An ogre (D:5)
  2 centaurs (D:7)
  Blork the orc (D:6)
  A water moccasin skeleton (D:5)
  2 jellies
  An orc priest (D:6)
  2 hounds
  A bullfrog skeleton (D:6)
  Natasha (twice) (D:3)
  4 iguanas
  2 orc wizards
  A killer bee zombie (D:7)
  A hound skeleton (D:4)
  Robin (D:3)
  4 gnolls
  7 adders
  A white imp (D:6)
  An ufetubus (D:4)
  4 worms
  A dart slug (D:1)
  14 orcs
  A ball python (D:2)
  3 bats
  5 endoplasms
  3 giant cockroaches
  11 goblins
  7 hobgoblins
  4 jackals (D:1)
  3 kobolds
  A quokka (D:2)
  2 frilled lizards
  16 rats
113 creatures vanquished.

Notes
Turn   | Place    | Note
-------+----------+-------------------------------------------
     0 | D:1      | AZSletch the Draconian Transmuter began the quest for the
                  | Orb.
     0 | D:1      | Reached XP level 1. HP: 16/16 MP: 3/3
    63 | D:1      | Reached XP level 2. HP: 20/23 MP: 3/5
    69 | D:1      | Learned a level 2 spell: Wereblood
   540 | D:1      | Reached XP level 3. HP: 29/29 MP: 2/6
  1156 | D:2      | Reached XP level 4. HP: 29/36 MP: 3/7
  1383 | D:2      | Found a white marble altar of Elyvilon.
  1755 | D:3      | Noticed Natasha
  1767 | D:3      | Killed Natasha
  1926 | D:3      | Noticed Natasha
  1932 | D:3      | Killed Natasha
  1933 | D:3      | Reached XP level 5. HP: 39/42 MP: 5/9
  2003 | D:3      | Noticed Robin
  2012 | D:3      | Reached skill level 1 in Poison Magic
  2035 | D:3      | Killed Robin
  2194 | D:3      | Learned a level 3 spell: Spider Form
  2375 | D:4      | Reached XP level 6. HP: 50/50 MP: 6/10
  2490 | D:4      | Found a runed translucent gate.
  2490 | D:4      | Found a runed translucent gate.
  2490 | D:4      | Found a runed translucent gate.
  2491 | D:4      | Found an opulent altar of Gozag.
  2492 | D:4      | Noticed an orc warrior
  2492 | D:4      | Noticed PanSaczeczos's ghost (amateur DrWn)
  2519 | D:4      | Noticed Menkaure
  2532 | D:4      | Noticed Pikel
  2696 | D:5      | Entered Level 5 of the Dungeon
  2709 | D:5      | Reached skill level 4 in Unarmed Combat
  2786 | D:5      | Found Keryoh's Gadget Gallery.
  3010 | D:5      | Found a staircase to the Ecumenical Temple.
  3016 | D:5      | Identified the +2 hand axe of Qicvuoj {vorpal, rCorr Str+4
                  | Stlth+}
  3043 | Temple   | Entered the Ecumenical Temple
  3109 | Temple   | Became a worshipper of Makhleb the Destroyer
  3694 | D:5      | Reached skill level 1 in Invocations
  3959 | D:5      | Your scales start taking on a dull iron-grey colour.
  3959 | D:5      | Reached XP level 7. HP: 56/57 MP: 8/12
  4556 | D:6      | Noticed Prince Ribbit
  4580 | D:6      | Killed Prince Ribbit
  4581 | D:6      | Reached skill level 1 in Ice Magic
  4660 | D:6      | Found a sparkling altar of Nemelex Xobeh.
  4729 | D:6      | Reached * piety under Makhleb
  4744 | D:6      | Learned a level 4 spell: Ice Form
  4744 | D:6      | Found a stormy altar of Qazlal.
  4745 | D:6      | Noticed Blork the orc
  4756 | D:6      | Killed Blork the orc
  5071 | D:7      | Reached XP level 8. HP: 65/66 MP: 11/13
  5364 | D:7      | Reached skill level 5 in Unarmed Combat
  5921 | D:7      | Noticed Harold
  5936 | D:7      | Killed from afar by Harold

Illustrated notes

Levels and vault maps discovered:
D:1:      dpeg_arrival_fog, layout_rooms, minmay_rat_gold_closets
D:2:      layout_basic, basic_altar, minmay_divided_ellipse
D:3:      layout_basic, uniq_grinder, uniq_natasha, uniq_robin
D:4:      layout_rooms, grunt_temple_overflow_open, ebering_ghost_gozag,
          uniq_duvessa, uniq_menkaure, uniq_pikel, uniq_sigmund
D:5:      layout_basic, minmay_temple_entry_offerings, nicolae_shop_gadgets
D:6:      layout_rooms, nemelex_diamond_rough_becter,
          mainiacjoe_overflow_small_starburst, uniq_blork_the_orc,
          uniq_prince_ribbit1
D:7:      layout_loops_ring, serial_glass, glass_columns_c, glass_columns_b,
          minmay_holes, uniq_harold
Temple:   cyrus_temple_forest

Skill      XL: |  1  2  3  4  5  6  7  8 |
---------------+-------------------------+-----
Dodging        | 2 3 4 |  4.1
Fighting       | 2 3 4 |  4.3
Poison Magic   | 1 2 |  2.0
Transmutations | 3 4 |  4.4
Spellcasting   | 3 4 |  4.2
Unarmed Combat | 4 5 |  5.1
Invocations    | 1 2 |  2.9
Ice Magic      | 1 2 |  2.3

Action                   |  1- 3 |  4- 6 |  7- 9 || total
-------------------------+-------+-------+-------++-------
Melee: Unarmed           |    80 |   107 |     2 ||   189
       Kick              |    13 |    16 |    15 ||    44
       Headbutt          |    13 |    17 |    12 ||    42
       Tailslap          |     7 |    22 |     6 ||    35
       Punch             |     1 |       |     2 ||     3
       Hand axe          |       |    25 |    77 ||   102
Throw: Stone             |     9 |     8 |       ||    17
       Dart              |       |     2 |    27 ||    29
 Cast: Beastly Appendage |    21 |    19 |     8 ||    48
       Wereblood         |     3 |    13 |     5 ||    21
       Spider Form       |       |       |     1 ||     1
 Stab: Sleeping          |     4 |     1 |     1 ||     6
Armor: Skin              |    22 |    46 |    44 ||   112
Dodge: Dodged            |    44 |    76 |    74 ||   194
